 Dungeon Crawl Stone Soup version 0.23.2-1-ga50397a (webtiles) character file.

Game seed: 3047680652602064633

386 Kairos the Twirler (level 7, -4/55 HPs)
             Began as a Formicid Fighter on June 2, 2019.
             Killed from afar by Dowan (22 damage)
             ... with a shard of ice
             ... on level 4 of the Dungeon.
             The game lasted 00:04:03 (2381 turns).

Kairos the Twirler (Formicid Fighter)               Turns: 2381, Time: 00:04:04

Health: -4/55      AC: 10    Str: 22    XL:     7   Next: 6%
Magic:  7/7        EV:  9    Int:  8    God:
Gold:   192        SH: 10    Dex: 13    Spells: 6/6 levels left

rFire    + . .     SeeInvis +   a - +0 quarterstaff
rCold    x . .     Gourm    +   c - +0 shield
rNeg     . . .     Faith    .   b - +0 scale mail
rPois    .         Spirit   .   (helmet unavailable)
rElec    .         Reflect  .   (no cloak)
rCorr    .         Harm     .   v - +2 pair of gloves {Dex+3}
MR       .....                  (no boots)
Stlth    ..........             j - amulet of the gourmand
HPRegen  0.18/turn              k - ring of fire (curse)
MPRegen  0.10/turn              (no ring)

@: no status effects
A: permanent stasis, dig shafts and tunnels, four strong arms, antennae 3
a: Dig, Shaft Self


You were on level 4 of the Dungeon.
You were hungry.

You visited 1 branch of the dungeon, and saw 4 of its levels.

You collected 192 gold pieces.

Inventory:

Hand Weapons
 a - a +0 quarterstaff (weapon)
Missiles
 h - 10 tomahawks (quivered)
 s - 2 throwing nets
Armour
 b - a +0 scale mail (worn)
 c - a +0 shield (worn)
 v - a +2 pair of gloves of dexterity (worn)
Jewellery
 j - an amulet of the gourmand (around neck)
 k - a cursed ring of fire (left hand)
 l - a cursed ring of attention {unknown}
 w - an uncursed ring of resist corrosion {unknown}
Scrolls
 e - 2 scrolls of remove curse
 r - 2 scrolls of blinking {unknown}
 t - a scroll of amnesia {unknown}
 u - 2 scrolls of magic mapping {unknown}
Potions
 d - a potion of might
 g - a potion of mutation {unknown}
 i - a potion of brilliance {unknown}
 m - a potion of magic {unknown}
 n - 2 potions of curing
 o - a potion of resistance
 p - 2 potions of ambrosia {unknown}
 q - a potion of agility {unknown}
Comestibles
 f - 8 rations


   Skills:
 + Level 4.4 Fighting
 + Level 4.9 Staves
 + Level 4.3 Armour
 + Level 1.4 Dodging
 + Level 0.3 Stealth
 + Level 4.7 Shields


You had 6 spell levels left.
You didn't know any spells.
Your spell library was empty.

Dungeon Overview and Level Annotations

Branches:
Dungeon (4/15)
 Temple: D:4-7

Altars:
Cheibriados
Makhleb
Nemelex Xobeh

Annotations:
D:4 2 transporters, Dowan


Innate Abilities, Weirdness & Mutations

You cannot be hasted, slowed, berserked, paralysed or teleported.
You can dig through walls and to a lower floor.
Your four strong arms can wield two-handed weapons with a shield.
You have a pair of large antennae on your head. (SInv)


Message History

You hear a distant wail of despair.
You have reached level 7!
You sock Dowan!
Dowan is moderately wounded.
Dowan seems to find hidden reserves of power!
Dowan misses you.
You hit Dowan but do no damage.
Dowan is moderately wounded.
Dowan completely misses you. Dowan casts a spell at you.
The stone arrow hits you!
You closely miss Dowan.
Dowan is moderately wounded.
Dowan closely misses you.
You miss Dowan.
Dowan is moderately wounded.
Dowan says, "How can I live without her?"
Dowan casts a spell at you. The shard of ice hits you!!
You feel a painful chill!
You die...

######### #
##.......#### #######
##...........####......
##...............†...###
##.....###.........####
#....e########...###
##...#.#@# #####
#/..##e## ##..#### #
#..# ## ##.# ##. #.#
###.. ..# ######...#
#........# #.......##


You could see Dowan.

Vanquished Creatures
  Duvessa (D:4)
  An orc priest (D:4)
  2 iguanas (D:4)
  A worker ant (D:4)
  6 adders
  A howler monkey skeleton (D:4)
  An ooze (D:1)
  2 worms
  6 dart slugs
  6 leopard geckos
  4 orcs
  14 bats
  6 giant cockroaches
  3 goblins
  6 hobgoblins
  7 jackals
  5 kobolds
  2 quokkas (D:4)
  5 frilled lizards (D:2)
  12 rats
91 creatures vanquished.

Vanquished Creatures (others)
  4 plants (D:4)
4 creatures vanquished.

Grand Total: 95 creatures vanquished

Notes
Turn   | Place    | Note
-------+----------+-------------------------------------------
     0 | D:1      | Kairos the Formicid Fighter began the quest for the Orb.
     0 | D:1      | Reached XP level 1. HP: 18/18 MP: 1/1
    57 | D:1      | Reached XP level 2. HP: 24/24 MP: 2/2
   212 | D:1      | Reached XP level 3. HP: 27/30 MP: 3/3
   626 | D:2      | Reached XP level 4. HP: 33/37 MP: 4/4
  1016 | D:2      | Found a snail-covered altar of Cheibriados.
  1348 | D:3      | Reached XP level 5. HP: 37/42 MP: 5/5
  1386 | D:3      | Reached skill level 1 in Dodging
  1417 | D:3      | Found a burning altar of Makhleb.
  1488 | D:3      | Found a sparkling altar of Nemelex Xobeh.
  1998 | D:4      | Reached XP level 6. HP: 48/48 MP: 6/6
  2104 | D:4      | Found a transporter.
  2104 | D:4      | Found a transporter.
  2362 | D:4      | Noticed Duvessa
  2362 | D:4      | Noticed Dowan
  2377 | D:4      | Killed Duvessa
  2377 | D:4      | Reached XP level 7. HP: 27/55 MP: 7/7
  2381 | D:4      | Killed from afar by Dowan

Skill      XL: |  1  2  3  4  5 |
---------------+----------------+-----
Shields        | 4 |  4.7
Staves         | 3 4 |  4.9
Dodging        | 1 |  1.4
Fighting       | 4 |  4.4
Armour         | 4 |  4.3
Stealth        | |  0.3

Action                   |  1- 3 |  4- 6 |  7- 9 || total
-------------------------+-------+-------+-------++-------
Melee: Quarterstaff      |   100 |   208 |     4 ||   312
 Abil: Dig               |       |     1 |       ||     1
  Use: Scroll            |       |     3 |       ||     3
  Eat: Chunk             |       |     6 |       ||     6
Armor: Scale mail        |    60 |    82 |       ||   142
Dodge: Dodged            |    33 |    60 |     3 ||    96
Block: Shield            |    56 |    97 |       ||   153
